 Dungeon Crawl Stone Soup version 0.27.1-2-g3b301248ec (webtiles) character file.

Game seed: 10221239267621092933

142 Borgoz the Skirmisher (level 5, -1/33 HPs)
             Began as a Gargoyle Berserker on Sept 26, 2021.
             Was a Believer of Trog.
             Slain by an ogre (14 damage)
             ... on level 3 of the Dungeon.
             The game lasted 00:02:19 (3175 turns).

Borgoz the Skirmisher (Gargoyle Berserker)          Turns: 3175, Time: 00:02:19

Health: -1/33      AC:  9    Str: 22    XL:     5   Next: 25%
Magic:  5/5        EV: 10    Int:  7    God:    Trog [**....]
Gold:   121        SH:  3    Dex:  9    Spells: 4/4 levels left

rFire    . . .     SeeInvis .   a - +0 mace
rCold    . . .     Faith    .   k - +0 buckler
rNeg     + . .     Spirit   .   q - +0 ring mail
rPois    ∞         Reflect  .   (no helmet)
rElec    +         Harm     .   (no cloak)
rCorr    .         Rampage  .   (no gloves)
Will     .....                  (no boots)
Stlth    ..........             (no amulet)
HPRegen  0.11/turn              (no ring)
MPRegen  0.09/turn              (no ring)

@: on berserk cooldown, slowed, very slow
A: sickness immunity, AC +4, negative energy resistance 1, electricity
resistance, torment resistance 1, petrification resistance
a: Renounce Religion, Berserk, Trog's Hand


You were on level 3 of the Dungeon.
You worshipped Trog.
Trog was pleased with you.
You visited 1 branch of the dungeon, and saw 3 of its levels.

You collected 121 gold pieces.

Inventory:

Hand Weapons
 a - a +0 mace (weapon)
Armour
 k - a +0 buckler (worn)
 q - a +0 ring mail (worn)
Wands
 g - a wand of mindburst (14)
Scrolls
 b - a scroll of enchant weapon {unknown}
 d - a scroll of fear {unknown}
 e - 2 scrolls of blinking {unknown}
 j - a scroll of torment {unknown}
 m - a scroll of identify {unknown}
 n - a scroll of silence {unknown}
Potions
 c - 3 potions of curing {unknown}
 f - a potion of lignification {unknown}
 h - a potion of degeneration {unknown}
 i - a potion of attraction {unknown}
 l - a potion of cancellation {unknown}
 o - a potion of flight {unknown}
 p - a potion of mutation {unknown}


   Skills:
 * Level 4.3 Fighting
 * Level 3.8 Maces & Flails
 * Level 3.3 Armour
 + Level 2.4 Dodging
 + Level 0.7 Shields


You had 4 spell levels left.
You didn't know any spells.
Your spell library was empty.

Dungeon Overview and Level Annotations

Branches:
Dungeon (3/15)

Altars:


Innate Abilities, Weirdness & Mutations

You are immune to sickness and miasma.
Your stone body is resilient. (AC +4)
You are immune to poison.
You resist negative energy. (rN+)
You are resistant to electric shocks. (rElec)
You are resistant to unholy torment.
You are immune to petrification.


Message History

Trog accepts your kill.
A goblin comes into view. It is wielding a +0 dagger.
You barely miss the goblin. You barely miss the goblin.
The goblin hits you but does no damage. The goblin closely misses you.
You thump the goblin!
You kill the goblin!
Trog accepts your kill.
You sock the ogre!
The ogre is moderately wounded.
The goblin hits you with a +0 dagger. You block the ogre's attack.
You sock the ogre!
The ogre is severely wounded.
You are no longer berserk.
You are exhausted.
You feel yourself slow down. The goblin barely misses you.
You barely miss the ogre.
The ogre is severely wounded.
The ogre hits you with a +0 giant club. The goblin hits you but does no damage.
You block the ogre's attack. The goblin hits you but does no damage.
You hit the ogre but do no damage.
The ogre is severely wounded.
The goblin hits you with a +0 dagger. The ogre hits you with a +0 giant club!
The goblin hits you but does no damage.
You are too injured to fight recklessly!
You are too injured to fight recklessly!
You are too injured to fight recklessly!
You are too injured to fight recklessly!
You are too injured to fight recklessly!
You are too injured to fight recklessly!
You are too injured to fight recklessly!
You are too injured to fight recklessly!
You are too injured to fight recklessly!
You are too injured to fight recklessly!
You are too injured to fight recklessly!
You are too injured to fight recklessly!
You are too injured to fight recklessly!
You are too injured to fight recklessly!
The ogre hits you with a +0 giant club!
You die...

#.# #...# #..#####.. #.# ###.#
####....[.... #.# #.#
#...>...###.. #.# #.#
#............ #.# #.#
#.......##... #.# #.#
#.......##... #.#####
#.###............
###.....#########.##.............
.............#gO@................
##..#.#.#...##g##..........###..#
............#.g ##.#..##.#.# #..#
##..........#.. #..........# #..#
#..##..#.###(. ####........ ...#
#..##.>#...##### #.##########.#
#..##..####.##.# #.#
#...........##.# #.#
##.##..#######.#


You could see an ogre and 2 goblins.

Vanquished Creatures
  An iguana (D:3)
  3 adders (D:2)
  An adder skeleton (D:2)
  2 dart slugs
  4 orcs (D:3)
  6 ball pythons
  5 endoplasms
  2 giant cockroaches
  15 goblins
  3 hobgoblins
  7 jackals
  5 kobolds
  2 quokkas
  7 bats
  6 frilled lizards
  5 rats
74 creatures vanquished.

Vanquished Creatures (others)
  A fungus (D:1)
  2 plants (D:1)
3 creatures vanquished.

Grand Total: 77 creatures vanquished

Notes
Turn   | Place    | Note
-------+----------+-------------------------------------------
     0 | D:1      | Borgoz the Gargoyle Berserker began the quest for the Orb.
     0 | D:1      | Reached XP level 1. HP: 14/14 MP: 1/1
    87 | D:1      | Reached XP level 2. HP: 19/19 MP: 2/2
    88 | D:1      | Found a faded altar of an unknown god.
   395 | D:1      | Reached XP level 3. HP: 6/24 MP: 3/3
  1287 | D:2      | Reached ** piety under Trog
  1586 | D:2      | Reached XP level 4. HP: 29/29 MP: 4/4
  1664 | D:2      | Reached skill level 4 in Fighting
  2660 | D:3      | Reached XP level 5. HP: 11/33 MP: 5/5
  3151 | D:3      | Noticed an ogre
  3175 | D:3      | Slain by an ogre

Illustrated notes

Levels and vault maps discovered:
D:1:      saegor_arrival_simple_d, layout_rooms,
          shapermc_ecumenical_altar_acropolis
D:2:      layout_loops_ring
D:3:      layout_loops_ring, minmay_curled_crystal, minmay_ogre_servants

Skill      XL: |  1  2  3  4 |
---------------+-------------+-----
Dodging        | 2 |  2.4
Armour         | 3 |  3.3
Fighting       | 4 |  4.3
Maces & Flails | |  3.8
Shields        | |  0.7

Action                   |  1- 3 |  4- 6 || total
-------------------------+-------+-------++-------
Melee: Mace              |   116 |   125 ||   241
Invok: Berserk           |     3 |     3 ||     6
       Trog's Hand       |       |     1 ||     1
 Stab: Sleeping          |       |     1 ||     1
Armor: Animal skin       |    47 |    51 ||    98
       Ring mail         |       |     7 ||     7
Dodge: Dodged            |    88 |   100 ||   188
Block: Buckler           |       |     8 ||     8
